 Dungeon Crawl Stone Soup version 0.30-a0-159-g068b764562 (webtiles) character file.

Game seed: 2811648369543710112

63 qw the Chopper (level 4, 0/28 HPs)
             Began as a Gargoyle Fighter on Sept 27, 2022.
             Slain by a worm (7 damage)
             ... on level 2 of the Dungeon.
             The game lasted 00:00:36 (1568 turns).

qw the Chopper (Gargoyle Fighter)                   Turns: 1568, Time: 00:00:36

Health: 0/28       AC: 12    Str: 21    XL:     4   Next: 9%
Magic:  4/4        EV:  7    Int:  9    God:
Gold:   99         SH:  4    Dex:  9    Spells: 3/3 levels left

rFire   . . .      SeeInvis .    Y - +0 war axe
rCold   . . .      Faith    .    c - +0 buckler
rNeg    + . .      Spirit   .    k - +0 chain mail
rPois   inf        Reflect  .    (no helmet)
rElec   +          Harm     .    (no cloak)
rCorr   .          Rampage  .    (no gloves)
Will    .....                    (no boots)
Stlth   ..........               (no amulet)
HPRegen 0.09/turn                (no ring)
MPRegen 0.09/turn                (no ring)

@: no status effects
A: sickness immunity, AC +3, negative energy resistance 1, electricity
resistance, torment resistance 1, petrification resistance
a: no special abilities


You were on level 2 of the Dungeon.
You visited 1 branch of the dungeon, and saw 2 of its levels.

You collected 99 gold pieces.


Innate Abilities, Weirdness & Mutations

You are immune to sickness and miasma.
Your stone body is resilient. (AC +3)
You are immune to poison.
You resist negative energy. (rN+)
You are resistant to electric shocks. (rElec)
You are resistant to unholy torment.
You are immune to petrification.


   Skills:
 - Level 3.2 Fighting
 + Level 3.9 Axes
 - Level 3.2 Armour
 - Level 3.2 Shields


You had 3 spell levels left.
You didn't know any spells.
Your spell library was empty.

Inventory:

Hand Weapons
 g - a +0 mace
 Y - a +0 war axe (weapon)
Armour
 c - a +0 buckler (worn)
 h - a +0 pair of boots
 k - a +0 chain mail (worn)
Jewellery
 b - a ring of flight
Scrolls
 a - a scroll of identify
 f - a scroll of teleportation {unknown}
 i - a scroll of blinking {unknown}
Potions
 d - 2 potions of might
 e - a potion of curing
 l - a potion of berserk rage {unknown}

Dungeon Overview and Level Annotations

Branches:
Dungeon (2/15)

Altars:


Message History

The hobgoblin shouts!
You see here a scroll labelled FAPULECEYSH.
You barely miss the hobgoblin. The hobgoblin completely misses you.
The hobgoblin hits you.
You closely miss the hobgoblin. The hobgoblin hits you.
You closely miss the hobgoblin.
The hobgoblin hits you but does no damage.
You hit the hobgoblin.
The hobgoblin is heavily wounded.
The hobgoblin hits you but does no damage.
The hobgoblin closely misses you.
You hit the hobgoblin.
You kill the hobgoblin!
You start resting.
HP restored.
i - a scroll labelled FAPULECEYSH
Found a ring of magical power.
You see here a hobgoblin corpse.
A worm comes into view.
Found a robe.
Enter note: You slash the worm!
The worm is severely wounded.
The worm bites you.
You barely miss the worm.
The worm is heavily wounded.
You barely miss the worm.
The worm is heavily wounded.
The worm bites you!
You barely miss the worm.
The worm is heavily wounded.
The worm barely misses you.
You barely miss the worm.
The worm is heavily wounded.
The worm bites you!
You barely miss the worm.
The worm is heavily wounded.
The worm bites you!
You die...

.##.........#.
..#.#..##.........#.
..#.#..#####...####.
.#.#[.# #......^.
#...#.# #...#####
.....# ###.###
#.##.# #.....#
#w##.# #.....#
#@...# #.....#
###..# #.....# #
#.###..# #.....# #
#......# ####### #
#####.## # #.# #
#.########### #
#.##.......%## #
#........###.# #


You could see a worm.

Vanquished Creatures
  2 adders (D:2)
  A worm (D:2)
  2 dart slugs
  5 bats
  3 endoplasms (D:1)
  A giant cockroach (D:1)
  3 goblins (D:1)
  4 hobgoblins
  7 kobolds
  4 quokkas
  2 ball pythons (D:1)
  2 rats (D:2)
36 creatures vanquished.

Notes
Turn   | Place    | Note
-------+----------+-------------------------------------------
     0 | D:1      | qw the Gargoyle Fighter began the quest for the Orb.
     0 | D:1      | Reached XP level 1. HP: 14/14 MP: 1/1
     0 | D:1      | 0 ||| qw: Version: 0.2-a-10-g37ed214
     0 | D:1      | 0 ||| qw: Game counter: 567
     0 | D:1      | 0 ||| qw: Always use a shield: true
     0 | D:1      | 0 ||| qw: God list: Okawaru
     0 | D:1      | 0 ||| qw: Allow faded altars: false
     0 | D:1      | 0 ||| qw: Do Orc after D:15 true
     0 | D:1      | 0 ||| qw: Do second Lair branch before Depths: true
     0 | D:1      | 0 ||| qw: Lair rune preference: random
     0 | D:1      | 0 ||| qw: Plans: Normal, Zot:1-4, God:TSO, Crypt, Tomb,
                  | Pan, Slime:5, Hells, Abyss, Orb
     0 | D:1      | 0 ||| PLANNING D:1-11
   126 | D:1      | 126 ||| DROPPING +0 club.
   180 | D:1      | 180 ||| Stepping ~*~*~tactically~*~*~ (hiding).
   187 | D:1      | Reached XP level 2. HP: 17/19 MP: 2/2
   302 | D:1      | 302 ||| Stepping ~*~*~tactically~*~*~ (stealth).
   448 | D:1      | Found a faded altar of an unknown god.
   528 | D:1      | Reached skill level 3 in Axes
   674 | D:1      | Reached XP level 3. HP: 19/23 MP: 3/3
  1122 | D:1      | 1122 ||| UPGRADING to +0 chain mail.
  1132 | D:1      | 1132 ||| DROPPING +0 scale mail.
  1133 | D:1      | 1133 ||| DROPPING ring of magical power.
  1134 | D:1      | 1134 ||| READING 3 scrolls labelled BAKEGUETIM.
  1135 | D:1      | 1135 ||| READING scroll labelled WAKLUICAAN.
  1136 | D:1      | 1136 ||| READING scroll labelled OGUSTR SEUMUATH.
  1137 | D:1      | 1137 ||| DRINKING 2 dark potions.
  1138 | D:1      | 1138 ||| READING 2 scrolls of identify.
  1138 | D:1      | 1138 ||| IDENTIFYING cyan potion
  1139 | D:1      | 1139 ||| DROPPING potion of degeneration.
  1310 | D:2      | 1310 ||| Stepping ~*~*~tactically~*~*~ (stealth).
  1346 | D:2      | 1346 ||| Stepping ~*~*~tactically~*~*~ (stealth).
  1451 | D:2      | Reached XP level 4. HP: 22/28 MP: 4/4
  1567 | D:2      | HP: 7/28 [worm (8)]
  1568 | D:2      | Slain by a worm

Levels and vault maps discovered:
D:1:      amcnicky_arrival_underground_garden, layout_loops_corners,
          hellmonk_ecumenical_altar_zigzags, minmay_misc_feat_columns,
          minmay_tromino_v4_a
D:2:      layout_loops_cross, uniq_robin

Skill      XL: |  1  2 |
---------------+-------+-----
Axes           | 2 3 |  3.9
Fighting       | |  3.2
Armour         | |  3.2
Shields        | |  3.2

Action                   |  1- 3 |  4- 6 || total
-------------------------+-------+-------++-------
Melee: War axe           |   107 |    11 ||   118
  Use: Scroll            |     4 |       ||     4
       Potion            |     1 |       ||     1
Armor: Scale mail        |    38 |       ||    38
       Chain mail        |    18 |     2 ||    20
Dodge: Dodged            |    44 |     3 ||    47
Block: Buckler           |    16 |       ||    16

Table legend:
 A = Non-vault XP
 B = Vault XP
 C = Vault XP percentage of total XP
 D = Non-vault monster count
 E = Vault monster count
 F = Vault count percentage of total count
                 A         B        C        D         E       F
            +---------+---------+-------+---------+---------+-------
      Total |      83 |       7 |   7.8 |      32 |       4 |  11.1
            +---------+---------+-------+---------+---------+-------
        D:1 |      35 |       7 |  16.7 |      20 |       4 |  16.7
        D:2 |      48 |       0 |   0.0 |      12 |       0 |   0.0
            +---------+---------+-------+---------+---------+-------
